 Dungeon Crawl Stone Soup version 0.19.5 (webtiles) character file.

5 Gargoyl the Skirmisher (level 1, -22/18 (19) HPs)
             Began as a Ghoul Abyssal Knight on Apr 30, 2017.
             Was a Follower of Lugonu.
             Killed from afar by a wretched star (34 damage)
             ... with an orb of energy
             ... on level 1 of the Abyss.
             The game lasted 00:00:26 (188 turns).

Gargoyl the Skirmisher (Ghoul Abyssal Knight)        Turns: 188, Time: 00:00:27

HP:   -22/18 (19)   AC:  4    Str: 14 (15) XL:     1   Next: 80%
MP:   1/1           EV: 11    Int:  6 (7)  God:    Lugonu [*.....]
Gold: 10            SH:  0    Dex:  8      Spells: 0 memorised, 0 levels left

rFire  . . .     SeeInvis .     a - +1 hand axe
rCold  + . .     Gourm    .     b - +1 leather armour
rNeg   + + +     Faith    .     (no shield)
rPois  ∞         Spirit   .     (no helmet)
rElec  .         Reflect  .     (no cloak)
rCorr  .         Harm     .     (no gloves)
MR     .....                    (no boots)
Stlth  +.........               (no amulet)
                                (no ring)
                                (no ring)

@: rotting
A: rotting body, claws 1, carnivore 3, cold resistance 1, negative energy
resistance 3, slow regeneration 1, torment resistance, unbreathing
a: Depart the Abyss, Renounce Religion


You were on level 1 of the Abyss.
You worshipped Lugonu.
Lugonu was aware of your devotion.
You were not hungry.

You visited 0 branches of the dungeon, and saw 0 of its levels.
You visited the Abyss 1 time.

You collected 10 gold pieces.

Inventory:

Hand Weapons
 a - a +1 hand axe (weapon)
Armour
 b - a +1 leather armour (worn)
Scrolls
 f - a scroll of noise
 g - a scroll of enchant armour
Potions
 d - a potion of brilliance {unknown}
 e - a potion of curing {unknown}
Comestibles
 c - a meat ration


   Skills:
 + Level 3.6 Fighting
 + Level 1.8 Axes
 + Level 1.8 Armour
 + Level 0.8 Dodging
 + Level 2.0 Invocations


You couldn't memorise any spells.
You didn't know any spells.

Dungeon Overview and Level Annotations

Branches:
Dungeon (0/15)

Altars:


Innate Abilities, Weirdness & Mutations

Your body is rotting away.
You thrive on raw meat.
You are immune to poison.
You have sharp fingernails.
You are carnivorous and can eat meat at any time.
Your flesh is cold resistant. (rC+)
You are immune to negative energy. (rN+++)
You regenerate slowly when monsters are visible.
You are immune to unholy pain and torment.
You can survive without breathing.


Message History

The wretched star pulses with an eldritch light!
The ufetubus closely misses you. x2
You miss the ufetubus.
The ufetubus is severely wounded.
The ufetubus barely misses you. The ufetubus closely misses you.
The ufetubus hits you. The ufetubus barely misses you.
A neqoxec comes into view.
The neqoxec shouts!
You hit the ufetubus.
You kill the ufetubus!
The wretched star pulses with an eldritch light!
Your body decomposes!
You feel weakened. The neqoxec gestures at you.
Something tries to feed on your intellect!
The green draconian zealot mumbles some strange prayers to its god.
The wretched star glows turbulently.
The orb of energy hits you!
Ouch! That really hurt!
You die...

#. #.. # #. ... .. #
....#.# ###.#. # .##
#...... . . ##### .##..
#..#.3. #....... . ..#..
##.....####### ..# .#....#
.
........#....##.##...###.#
.#. #.#.##..3#.### .## # .
. #......*..##.#.........
#..#.##.#q.#@..#.#.. # # .
. .## #. .#4##..######## #
# . # #.. ##......# . .#..
##...#.# ###. ... ..
#.....## # # .##........#
#. ..####... ## ...## #
##.


You could see a wretched star and a ynoxinul.

Vanquished Creatures
  An ufetubus (Abyss:1)
1 creature vanquished.

Notes
Turn   | Place    | Note
-------+----------+-------------------------------------------
     0 | Abyss:1  | Gargoyl the Ghoul Abyssal Knight began the quest for the Orb.
     0 | Abyss:1  | Reached XP level 1. HP: 19/19 MP: 1/1
    39 | Abyss:1  | Noticed a large abomination
    40 | Abyss:1  | Noticed a thrashing horror
   178 | Abyss:1  | Noticed a green draconian zealot
   178 | Abyss:1  | Noticed a wretched star
   185 | Abyss:1  | Noticed a neqoxec
   188 | Abyss:1  | Noticed a chaos spawn
   188 | Abyss:1  | Noticed a ynoxinul
   188 | Abyss:1  | Killed from afar by a wretched star

Action                   || total
-------------------------++-------
Melee: Hand axe          ||     5
  Use: Scroll            ||     2
Armor: Leather armour    ||     2
Dodge: Dodged            ||    13
